 Dungeon Crawl Stone Soup version 0.25-a0-1073-gf4359a17dd (webtiles) character file.

Game seed: 16900580961633020192, levelgen mode: deterministic

468 kae the Cudgeler (level 6, 0/51 HPs)
             Began as a Demonspawn Fighter on May 14, 2020.
             Slain by an orc
             ... wielding a +2 trident of holy wrath
              (1 damage)
             ... on level 4 of the Dungeon.
             The game lasted 00:01:39 (3790 turns).

kae the Cudgeler (Demonspawn Fighter)               Turns: 3790, Time: 00:01:41

Health: 0/51       AC:  6    Str: 19    XL:     6   Next: 81%
Magic:  6/6        EV:  7    Int:  9    God:
Gold:   116        SH:  9    Dex: 14    Spells: 5/5 levels left

rFire    . . .     SeeInvis .   a - +0 flail
rCold    . . .     Gourm    .   c - +0 kite shield
rNeg     . . .     Faith    .   b - +0 scale mail
rPois    .         Spirit   .   (helmet restricted)
rElec    .         Reflect  .   (no cloak)
rCorr    .         Harm     .   (no gloves)
MR       .....                  (no boots)
Stlth    ++........             (no amulet)
HPRegen  0.17/turn              l - ring of stealth
MPRegen  0.10/turn              (no ring)

@: no status effects
A: antennae 1, thin skeletal structure 1, foul stench 1, rot immunity
a: no special abilities


You were on level 4 of the Dungeon.
You were not hungry.

You visited 1 branch of the dungeon, and saw 4 of its levels.

You collected 116 gold pieces.

Inventory:

Hand Weapons
 a - a +0 flail (weapon)
Armour
 b - a +0 scale mail (worn)
 c - a +0 kite shield (worn)
Jewellery
 l - a ring of stealth (left hand)
 n - a +6 ring of intelligence {unknown}
 o - an uncursed ring of resist corrosion {unknown}
Scrolls
 d - a scroll of teleportation
 k - 2 scrolls of identify
Potions
 e - 2 potions of degeneration
 g - 2 potions of brilliance
 h - a potion of flight {unknown}
 i - a potion of stabbing
 m - a potion of heal wounds
 p - a potion of curing
Comestibles
 f - 6 rations


   Skills:
 + Level 5.0 Fighting
 * Level 5.6 Maces & Flails
 - Level 2.6 Armour
 - Level 2.6 Shields


You had 5 spell levels left.
You didn't know any spells.
Your spell library was empty.

Dungeon Overview and Level Annotations

Branches:
Dungeon (4/15)
 Temple: D:4-7

Altars:
Ashenzari


Innate Abilities, Weirdness & Mutations

You have a pair of small antennae on your head.
You have a somewhat thin skeletal structure. (Dex +2, Stealth)
You may emit foul miasma when damaged in melee.
You are immune to rotting.


Message History

Your shield prevents you from hitting the orc priest.
The orc barely misses you.
The orc priest hits you but does no damage.
You block the orc's attack.
You sock the orc priest!
The orc priest is heavily wounded.
The orc priest calls down the wrath of Beogh upon you.
Beogh smites you!
* * * LOW HITPOINT WARNING * * *
You block the orc's attack. The orc priest barely misses you.
You sock the orc priest!
You kill the orc priest!
The orc hits you from afar with a +2 trident of holy wrath.
* * * LOW HITPOINT WARNING * * *
You convulse.
* * * LOW HITPOINT WARNING * * *
The orc hits you with a +2 trident of holy wrath.
* * * LOW HITPOINT WARNING * * *
You convulse.
You die...

### #.##### #......
######################.#####
#<.....................#
############################
.....ho@†)..$...........
###...################## #.o
#. #


You could see a hound, an orc wizard (sick) and an orc.

Vanquished Creatures
  Sigmund (D:3)
  A centaur (D:3)
  A hound (D:3)
  An orc priest (D:4)
  Natasha (thrice) (D:2)
  2 adders
  2 worms
  2 dart slugs
  A leopard gecko (D:3)
  3 orcs
  2 ball pythons
  2 bats
  5 giant cockroaches
  4 goblins
  7 hobgoblins
  8 jackals
  A quokka (D:2)
  4 frilled lizards
  5 kobolds
  7 rats
62 creatures vanquished.

Notes
Turn   | Place    | Note
-------+----------+-------------------------------------------
     0 | D:1      | kae the Demonspawn Fighter began the quest for the Orb.
     0 | D:1      | Reached XP level 1. HP: 18/18 MP: 1/1
   396 | D:1      | Gained mutation: You have a somewhat thin skeletal
                  | structure. (Dex +2, Stealth) [demonic ancestry]
   396 | D:1      | Reached XP level 2. HP: 16/24 MP: 2/2
  1355 | D:2      | Gained mutation: You are immune to rotting. [demonic
                  | ancestry]
  1355 | D:2      | Reached XP level 3. HP: 9/29 MP: 3/3
  1679 | D:2      | Noticed Natasha
  1685 | D:2      | Killed Natasha
  1968 | D:2      | Noticed Natasha
  1976 | D:2      | Killed Natasha
  1976 | D:2      | Reached XP level 4. HP: 27/37 MP: 4/4
  1990 | D:2      | Noticed Natasha
  1998 | D:2      | Killed Natasha
  2726 | D:3      | Noticed Sigmund
  2740 | D:3      | Killed Sigmund
  2740 | D:3      | Gained mutation: You may emit foul miasma when damaged in
                  | melee. [demonic ancestry]
  2740 | D:3      | Reached XP level 5. HP: 16/43 MP: 5/5
  2740 | D:3      | Gained mutation: You have a pair of small antennae on your
                  | head. [demonic ancestry]
  2740 | D:3      | Reached XP level 6. HP: 18/49 MP: 6/6
  2945 | D:3      | Reached skill level 5 in Maces & Flails
  3168 | D:3      | Found a shattered altar of Ashenzari.
  3497 | D:3      | Reached skill level 5 in Fighting
  3789 | D:4      | HP: 2/51 [orc/+2 trident of holy wrath (3)]
  3790 | D:4      | Slain by an orc

Illustrated notes

Levels and vault maps discovered:
D:1:      matt_arrival_refuge, layout_loops_ring, hangedman_decor_peaks_small
D:2:      layout_basic, uniq_natasha
D:3:      layout_basic, hangedman_feature_mirror, nicolae_ashenzari_panopticon,
          uniq_sigmund
D:4:      layout_basic, gammafunk_ghost_stat_death, first_ration, uniq_eustachio

Skill      XL: |  1  2  3  4  5  6 |
---------------+-------------------+-----
Maces & Flails | 2 3 4 5 |  5.6
Fighting       | 4 5 |  5.0
Armour         | |  2.6
Shields        | |  2.6

Action                   |  1- 3 |  4- 6 || total
-------------------------+-------+-------++-------
Melee: Flail             |    98 |   126 ||   224
  Use: Scroll            |       |     7 ||     7
       Potion            |       |     1 ||     1
 Stab: Sleeping          |       |     2 ||     2
  Eat: Chunk             |     3 |     6 ||     9
Armor: Scale mail        |    47 |    39 ||    86
Dodge: Dodged            |    23 |    31 ||    54
Block: Kite shield       |    58 |    63 ||   121

Table legend:
 A = Non-vault XP
 B = Vault XP
 C = Vault XP percentage of total XP
 D = Non-vault monster count
 E = Vault monster count
 F = Vault count percentage of total count
                 A         B        C        D         E       F
            +---------+---------+-------+---------+---------+-------
      Total |     351 |     318 |  47.5 |      58 |       4 |   6.5
            +---------+---------+-------+---------+---------+-------
        D:1 |      37 |       0 |   0.0 |      21 |       0 |   0.0
        D:2 |     102 |      35 |  25.5 |      12 |       1 |   7.7
        D:3 |     162 |     283 |  63.6 |      20 |       3 |  13.0
        D:4 |      50 |       0 |   0.0 |       5 |       0 |   0.0
            +---------+---------+-------+---------+---------+-------
